 Dungeon Crawl Stone Soup version 0.21-a0-70-g32e1473 (console) character file.

10027 removed the Destroyer (level 11, -4/92 HPs)
             Began as a White Draconian Wizard on June 18, 2017.
             Was a Believer of Vehumet.
             Slain by a gnoll
             ... wielding a +0 halberd
              (15 damage)
             ... on level 10 of the Dungeon.
             The game lasted 00:34:47 (14975 turns).

removed the Destroyer (White Draconian Wizard)     Turns: 14975, Time: 00:34:47

Health: -4/92      AC: 14    Str:  9    XL:     11   Next: 30%
Magic:  3/24       EV: 15    Int: 25    God:    Vehumet [**....]
Gold:   265        SH:  0    Dex: 14    Spells: 17/28 levels left

rFire    . . .     SeeInvis .   a - +7 quarterstaff {crush, Int+2}
rCold    + . .     Gourm    .   (shield currently unavailable)
rNeg     . . .     Faith    .   (armour unavailable)
rPois    +         Spirit   .   w - +0 hat
rElec    .         Reflect  .   F - +1 cloak
rCorr    .         Harm     .   Z - +0 pair of gloves of the Country {Dex+5}
MR       .....                  e - +0 pair of boots
Stlth    ++........             y - amulet of regeneration
HPRegen  0.65/turn              P - ring of poison resistance
MPRegen  0.19/turn              V - +3 ring of protection

@: about to teleport, berserk cooldown, hasted and slowed
A: breathe frost, unfitting armour, cold resistance 1, cold-blooded, AC +7
a: Breathe Frost, Renounce Religion


You were on level 10 of the Dungeon.
You worshipped Vehumet.
Vehumet was pleased with you.
You were not hungry.

You visited 2 branches of the dungeon, and saw 11 of its levels.

You collected 507 gold pieces.
You spent 242 gold pieces at shops.

Inventory:

Hand Weapons
 a - the +7 quarterstaff "Orha Tycovu" (weapon) {crush, Int+2}
   (You took it off Blork the orc on level 4 of the Dungeon)

   It inflicts extra damage upon your enemies.
   It affects your intelligence (+2).
 b - a +0 trident
 l - a +0 whip
 G - a +2 quarterstaff of chaos
 L - a +0 quarterstaff
 U - a +0 whip of flaming
Armour
 e - a +0 pair of boots (worn)
 w - a +0 hat (worn)
 F - a +1 cloak (worn)
 Z - the +0 pair of gloves of the Country (worn) {Dex+5}
   (You bought it in a shop on level 5 of the Dungeon)

   It affects your dexterity (+5).
Magical Staves
 Q - an uncursed staff of poison
Jewellery
 y - an amulet of regeneration (around neck)
 P - a ring of poison resistance (left hand)
 V - a +3 ring of protection (right hand)
Wands
 E - a wand of iceblast (8/15)
 T - a wand of disintegration (22/24)
Scrolls
 g - 4 scrolls of remove curse
 j - a scroll of teleportation
 q - a scroll of fog {unknown}
 r - a scroll of magic mapping {unknown}
 z - a scroll of blinking {unknown}
 D - 3 scrolls of immolation
 H - 2 scrolls of recharging
 M - a scroll of fear {unknown}
 N - a scroll of enchant armour {unknown}
Potions
 f - 3 potions of curing
 h - a potion of haste
 o - a potion of resistance
 p - a potion of brilliance {unknown}
 s - 2 potions of might
 t - a potion of flight {unknown}
 v - a potion of lignification {unknown}
 x - 3 potions of agility
 J - 2 potions of cancellation
 R - 5 potions of mutation
Books
 C - a book of Minor Magic

   Spells                             Type                      Level
   a - Magic Dart                     Conjuration                  1
   b - Blink                          Translocation                2
   c - Call Imp                       Summoning                    2
   d - Slow                           Hexes                        2
   e - Conjure Flame                  Conjuration/Fire             3
   f - Mephitic Cloud                 Conjuration/Poison/Air       3
 O - a book of Enchantments

   Spells                             Type                      Level
   a - Cause Fear                     Hexes                        4
   b - Yara's Violent Unravelling     Hexes/Transmutation          5
   c - Silence                        Hexes/Air                    5
   d - Deflect Missiles               Charms/Air                   6
   e - Discord                        Hexes                        8
 W - a book of Cantrips

   Spells                             Type                      Level
   a - Confusing Touch                Hexes                        1
   b - Animate Skeleton               Necromancy                   1
   c - Summon Small Mammal            Summoning                    1
   d - Apportation                    Translocation                1
 X - a book of Minor Magic

   Spells                             Type                      Level
   a - Magic Dart                     Conjuration                  1
   b - Blink                          Translocation                2
   c - Call Imp                       Summoning                    2
   d - Slow                           Hexes                        2
   e - Conjure Flame                  Conjuration/Fire             3
   f - Mephitic Cloud                 Conjuration/Poison/Air       3
Comestibles
 c - 7 bread rations
 A - 9 royal jellies
 K - 3 meat rations
 S - 5 fruits


   Skills:
 - Level 7.0 Fighting
 + Level 5.8 Dodging
 - Level 1.7 Stealth
 - Level 9.0 Spellcasting
 - Level 11.0 Conjurations
   Level 1.0 Summonings
 - Level 1.0 Translocations
 - Level 7.0 Ice Magic


You had 17 spell levels left.
You knew the following spells:

 Your Spells              Type           Power        Failure   Level  Hunger
a - Magic Dart            Conj           ####         1%          1    None
b - Conjure Flame         Conj/Fire      #####...     1%          3    None
c - Freeze                Ice            ####         1%          1    None
l - Blink                 Tloc           N/A          5%          2    None
m - Mephitic Cloud        Conj/Pois/Air  ####....     3%          3    None
A - Apportation           Tloc           ###...       3%          1    None


Dungeon Overview and Level Annotations

Branches:
Dungeon (10/15)            Temple (1/1) D:4
   Lair: D:8-11         Orc: D:9-12

Altars:
Ashenzari
Cheibriados
Dithmenos
Elyvilon
Fedhas
Gozag
Hepliaklqana
Kikubaaqudgha
Makhleb
Nemelex Xobeh
Okawaru
Qazlal
Ru
Sif Muna
Trog
Uskayaw
Vehumet
Wu Jian
Xom
Yredelemnul
Zin
The Shining One

Shops:
D:5 [

Annotations:
D:3 Duffy's ghost, amateur BaFE


Innate Abilities, Weirdness & Mutations

You can breathe waves of freezing cold.
You can buffet flying creatures when you breathe cold.
Your icy white scales are hard. (AC +7)
You cannot fit into any form of body armour.
Your flesh is cold resistant. (rC+)
You are cold-blooded and may be slowed by cold attacks.


Message History

Something hits you but does no damage. Something bites you!
* * * LOW HITPOINT WARNING * * *
Something draws strength from your injuries!
The gnoll barely misses you.
Okay, then.
As you read the scroll of teleportation, it crumbles to dust.
You feel strangely unstable. Something hits you.
* * * LOW HITPOINT WARNING * * *
Something bites you!
* * * LOW HITPOINT WARNING * * *
Something draws strength from your injuries!
The gnoll closely misses you. Something hits you but does no damage.
Something barely misses you.
You feel much better. The gnoll closely misses you. Something hits you!
* * * LOW HITPOINT WARNING * * *
Something bites you but does no damage.
You feel yourself speed up. Something hits you but does no damage.
Something barely misses you.
The gnoll hits you from afar with a halberd!
You die...

## #.##. ..
h...
###.####.#
.#....g)))#
.....V.<))#
.....####g#
##. #g# #{#
#@# #.# #.#
#.# #.# #..
###


You could see a wolf (wandering) and 2 gnolls.

Vanquished Creatures
  2 two-headed ogres
  A deep elf archer (D:8)
  Pikel (D:6)
  A queen bee (D:8)
  2 trolls (D:8)
  Grinder (D:4)
  6 yaks
  Grum (D:9)
  Eustachio (D:4)
  3 water moccasins
  Duvessa (D:4)
  2 sky beasts
  5 orc warriors
  2 slaves (D:6)
  2 ice beasts
  A phantom (D:9)
  A black bear (D:9)
  7 ogres
  2 wolves (D:9)
  4 centaurs
  Blork the orc (D:4)
  3 bullfrogs
  2 gnoll sergeants
  4 scorpions
  Dowan (D:4)
  22 killer bees
  2 howler monkeys (D:9)
  4 crimson imps
  2 bullfrog zombies
  A centaur zombie (D:9)
  4 hounds
  5 orc priests
  Crazy Yiuf (D:3)
  4 bullfrog skeletons
  A centaur skeleton (D:4)
  A gnoll shaman (D:8)
  15 orc wizards
  9 worker ants
  A hound zombie (D:6)
  A howler monkey zombie (D:9)
  Robin (D:3)
  14 adders
  15 gnolls
  A howler monkey skeleton (D:5)
  A shadow imp (D:5)
  An ooze (D:2)
  2 adder skeletons
  8 dart slugs
  3 worms
  7 leopard geckos
  38 orcs
  8 giant cockroaches
  11 goblins
  12 hobgoblins
  5 jackals (D:4)
  10 kobolds
  4 quokkas
  A ball python (D:1)
  9 bats
  2 frilled lizards
  2 quokka skeletons
  5 rats
290 creatures vanquished.

Vanquished Creatures (collateral kills)
  3 killer bees (D:8)
3 creatures vanquished.

Vanquished Creatures (others)
  A slave (D:6)
  A scorpion (D:6)
  An orc priest (D:8)
  3 orcs
  A plant (D:10)
7 creatures vanquished.

Grand Total: 300 creatures vanquished

Notes
Turn   | Place    | Note
-------+----------+-------------------------------------------
     0 | D:1      | removed the Draconian Wizard began the quest for the Orb.
     0 | D:1      | Reached XP level 1. HP: 14/14 MP: 4/4
   404 | D:1      | Reached skill level 2 in Conjurations
   478 | D:1      | Reached XP level 2. HP: 20/20 MP: 1/6
  1079 | D:2      | Reached skill level 3 in Conjurations
  1138 | D:1      | Reached XP level 3. HP: 26/26 MP: 4/7
  1187 | D:1      | Learned a level 2 spell: Blink
  1191 | D:1      | Learned a level 3 spell: Conjure Flame
  1576 | D:2      | Found a white marble altar of Elyvilon.
  1967 | D:2      | Found an iron altar of Okawaru.
  2120 | D:2      | Found a basalt altar of Yredelemnul.
  2217 | D:2      | Reached XP level 4. HP: 33/33 MP: 5/8
  2311 | D:2      | Reached skill level 4 in Conjurations
  2752 | D:3      | Noticed Duffy's ghost (amateur BaFE)
  2808 | D:2      | Learned a level 3 spell: Mephitic Cloud
  2988 | D:3      | Found a shattered altar of Ashenzari.
  3147 | D:3      | Reached XP level 5. HP: 38/38 MP: 5/9
  3211 | D:3      | Noticed Robin
  3257 | D:3      | Killed Robin
  3257 | D:3      | Reached skill level 5 in Conjurations
  3451 | D:3      | Found a runed door.
  4492 | D:3      | Noticed Crazy Yiuf
  4506 | D:3      | Killed Crazy Yiuf
  4728 | D:4      | Reached skill level 6 in Conjurations
  4770 | D:4      | Found a staircase to the Ecumenical Temple.
  4784 | Temple   | Entered the Ecumenical Temple
  4974 | D:4      | Noticed Grinder
  5011 | D:4      | Paralysed by Grinder for 7 turns
  5034 | D:4      | Killed Grinder
  5034 | D:4      | Reached XP level 6. HP: 21/45 MP: 0/12
  5141 | D:4      | Noticed Eustachio
  5204 | D:4      | Killed Eustachio
  5204 | D:4      | Your scales start taking on an icy white colour.
  5204 | D:4      | Reached XP level 7. HP: 40/50 MP: 5/13
  5204 | D:4      | Gained mutation: Your flesh is cold resistant. (rC+) [White Draconian growth]
  5436 | D:4      | Noticed Blork the orc
  5452 | D:4      | Killed Blork the orc
  5452 | D:4      | Reached skill level 7 in Conjurations
  5456 | D:4      | Got a pitted quarterstaff {crush}
  5457 | D:4      | Identified the +7 quarterstaff "Orha Tycovu" {crush, Int+2} (You took it off Blork the orc on level 4 of the Dungeon)
  5734 | D:4      | Noticed Duvessa
  5767 | D:4      | Noticed Dowan
  5987 | D:4      | Reached skill level 5 in Spellcasting
  6538 | D:4      | Killed Dowan
  6631 | D:5      | Entered Level 5 of the Dungeon
  6670 | D:5      | Found a stormy altar of Qazlal.
  6683 | D:5      | Reached skill level 8 in Conjurations
  6850 | D:5      | Reached XP level 8. HP: 49/57 MP: 6/15
  7243 | D:5      | Reached skill level 9 in Conjurations
  7336 | D:5      | Found Guah's Armour Emporium.
  7435 | D:5      | Found a sacrificial altar of Ru.
  7818 | D:4      | Found a staircase to the Ecumenical Temple.
  8179 | D:4      | Killed Duvessa
  8324 | D:4      | Reached skill level 10 in Conjurations
  8720 | D:6      | Noticed Pikel
  8882 | D:6      | Killed Pikel
  8882 | D:6      | Reached XP level 9. HP: 55/62 MP: 5/19
  9620 | D:6      | Learned a level 1 spell: Apportation
 10039 | D:6      | Found a radiant altar of Vehumet.
 10042 | D:6      | Became a worshipper of Vehumet
 10336 | D:7      | Found a shimmering altar of Xom.
 10417 | D:7      | Found a sparkling altar of Nemelex Xobeh.
 10417 | D:7      | Found an ancient bone altar of Kikubaaqudgha.
 10586 | D:7      | Reached skill level 5 in Fighting
 10897 | D:7      | Noticed a two-headed ogre
 11090 | D:5      | Bought the +0 pair of gloves of the Country {Dex+5} for 242 gold pieces
 11390 | D:7      | Killed a two-headed ogre
 11390 | D:7      | Reached XP level 10. HP: 83/83 MP: 3/22
 11800 | D:8      | Noticed a deep elf archer
 11829 | D:8      | Killed a deep elf archer
 11829 | D:8      | Reached skill level 5 in Dodging
 11985 | D:8      | Found an ornate altar of the Wu Jian Council.
 12193 | D:8      | Reached * piety under Vehumet
 12193 | D:8      | Offered knowledge of Freeze by Vehumet.
 12200 | D:8      | Learned a level 1 spell: Freeze
 12384 | D:8      | Reached skill level 1 in Ice Magic
 13032 | D:9      | Noticed a two-headed ogre
 13287 | D:8      | Reached skill level 5 in Ice Magic
 13446 | D:9      | Killed a two-headed ogre
 13446 | D:9      | Reached XP level 11. HP: 71/89 MP: 8/24
 13602 | D:9      | Reached ** piety under Vehumet
 13602 | D:9      | Offered knowledge of Flame Tongue by Vehumet.
 13670 | D:9      | Noticed Grum
 14214 | D:9      | Reached skill level 11 in Conjurations
 14742 | D:9      | Killed Grum
 14877 | D:10     | Entered Level 10 of the Dungeon
 14971 | D:10     | HP: 3/92 [gnoll/halberd (12)]
 14975 | D:10     | Slain by a gnoll

Vault maps used:
D:1:      lightli_arrival_chessboard
D:2:      kennysheep_ying_yang, lemuel_doored_altar
D:3:      ashenzari_altar_1, uniq_crazy_yiuf_cottage, uniq_robin
D:4:      minmay_temple_entry_crystal_x, first_bread, uniq_blork_the_orc,
          uniq_eustachio, uniq_grinder, uniq_duvessa
D:5:      grunt_qazlal_sundering, serial_shops, shop,
          nicolae_ru_the_path_less_chosen
D:6:      kennysheep_mini_moat, kennysheep_generic_room_5, uniq_pikel
D:7:      old_standard_altar, gammafunk_temple_overflow_elements
D:8:      basic_altar, david_nohive_1, minmay_three_doors
D:9:      minmay_misc_feat_columns, uniq_grum
D:10:     minmay_lair_entry_grove
Temple:   dshaligram_water_room_temple

Skill      XL: |  1  2  3  4  5  6  7  8  9 10 11 |
---------------+----------------------------------+-----
Conjurations   | 2 3 4 6 8 10 11 | 11.0
Spellcasting   | 4 5 7 8 9 |  9.0
Fighting       | 6 7 |  7.0
Dodging        | 3 5 |  5.8
Ice Magic      | 7 |  7.0
Stealth        | |  1.7
Summonings     | |  1.0
Translocations | |  1.0

Action                   |  1- 3 |  4- 6 |  7- 9 | 10-12 || total
-------------------------+-------+-------+-------+-------++-------
Melee: Unarmed           |     6 |       |       |       ||     6
       Whip              |    11 |       |       |       ||    11
       Quarterstaff      |       |    41 |   108 |   264 ||   413
       Trident           |       |    12 |       |       ||    12
       Tailslap          |       |     4 |     6 |    34 ||    44
 Cast: Magic Dart        |   125 |   156 |   391 |   244 ||   916
       Mephitic Cloud    |       |     5 |    16 |    35 ||    56
       Conjure Flame     |       |     2 |    18 |     6 ||    26
       Blink             |       |       |     5 |     7 ||    12
  Use: Scroll            |       |     1 |    10 |     3 ||    14
       Potion            |       |       |       |     4 ||     4
 Stab: Confused          |       |       |     1 |    12 ||    13
       Distracted        |       |       |       |     1 ||     1
  Eat: Chunk             |     3 |     8 |    19 |    12 ||    42
       Royal jelly       |       |     1 |       |       ||     1
       Fruit             |       |       |     1 |       ||     1
Armor: Skin              |    32 |    30 |    48 |   113 ||   223
Dodge: Dodged            |    57 |    62 |    85 |   281 ||   485
